 Dungeon Crawl Stone Soup version 0.16.0-18-g484a79e (webtiles) character file.

318648 sugabear the Warrior (level 21, -7/142 HPs)
             Began as a Gargoyle Fighter on Mar 22, 2015.
             Was the Champion of Qazlal.
             Killed from afar by an ice dragon (52 damage)
             ... with a blast of cold
             ... on level 3 of the Depths.
             The game lasted 03:01:02 (47152 turns).

sugabear the Warrior (Gargoyle Fighter)            Turns: 47152, Time: 03:01:02

Health: -7/142     AC: 38    Str: 33    XL:     21   Next: 46%
Magic:  36/36      EV: 14    Int: 11    God:    Qazlal [******]
Gold:   1128       SH: 29    Dex: 13    Spells: 0 memorised, 20 levels left

rFire  + . .     SeeInvis +     C - +9 war axe (freeze)
rCold  . . .     Clarity  +     z - +2 chain mail {MR+}
rNeg   + . .     SustAb   .     c - +5 shield {reflect}
rPois  ∞         Gourm    .     U - +2 hat {SInv}
rElec  +         Spirit   .     T - +2 cloak {+Inv}
rCorr  .         Warding  .     D - +2 pair of gloves {Dex+3}
rMut   .         Rnd*Tele +     (no boots)
MR     ++++.                    k - amulet of clarity
Stlth  ..........               L - +3 ring of slaying
                                H - ring "Fayl" {rF+ MR++ Str+4 Stlth+}

@: flying, repel missiles, incredibly resistant to hostile enchantments,
extremely unstealthy
A: able to fly continuously, big wings, blurry vision 1, mutation resistance 1,
negative energy resistance 1, electricity resistance, strong 1, teleportitis 1,
wild magic 1, unbreathing, petrification resistance, rot immunity, AC +15
a: Stop Flying, Upheaval, Elemental Force, Disaster Area, Renounce Religion,
Evoke Invisibility
}: 2/15 runes: decaying, gossamer


You were on level 3 of the Depths.
You worshipped Qazlal.
Qazlal was exalted by your worship.
You were hungry.

You visited 8 branches of the dungeon, and saw 44 of its levels.
You visited 1 bazaar.
You also visited: Labyrinth.

You collected 5139 gold pieces.
You spent 4011 gold pieces at shops.

Inventory:

Hand weapons
 r - the cursed +2 long sword of Circular Logic {antimagic, +Blink rF+ rC+ rN+ Dex-4}
   (You took it off a deep elf fighter on level 3 of the Elven Halls)

   It disrupts the flow of magical energy around spellcasters and certain
   magical creatures (including the wielder).
   It affects your dexterity (-4).
   It protects you from fire.
   It protects you from cold.
   It protects you from negative energy.
   It lets you blink.
   It has a curse placed upon it.
 C - a +9 war axe of freezing (weapon)
 Z - a +2 hand axe of flaming
Armour
 c - a +5 shield of reflection (worn)
 e - a +2 ring mail of fire resistance
 i - a +2 chain mail of cold resistance
 z - a +2 chain mail of magic resistance (worn)
 D - a +2 pair of gloves of dexterity (worn)
 T - a +2 cloak of invisibility (worn)
 U - a +2 hat of see invisible (worn)
Rods
 K - a +7 rod of clouds (14/14)
   (You took it off a deep elf fighter on level 3 of the Elven Halls)
Jewellery
 g - the amulet "Ryis Agg" {Gourm rElec rF- rC+ Int+5 Stlth-}
   (You found it on level 13 of the Dungeon)

   [amulet of the gourmand]

   It allows you to eat raw meat even when not hungry.
   It affects your intelligence (+5).
   It makes you vulnerable to fire.
   It protects you from cold.
   It insulates you from electricity.
   It makes you less stealthy.
 k - an amulet of clarity (around neck)
 t - an uncursed ring of protection from cold
 x - an uncursed ring of protection from fire
 H - the ring "Fayl" (left hand) {rF+ MR++ Str+4 Stlth+}
   (You found it on level 6 of the Dungeon)

   [ring of protection from fire]

   It affects your strength (+4).
   It protects you from fire.
   It affects your resistance to hostile enchantments.
   It makes you more stealthy.
 L - a +3 ring of slaying (right hand)
 M - an uncursed ring of protection from magic
 P - an uncursed amulet of resist corrosion
 W - an uncursed ring of sustain abilities
Magical devices
 a - a wand of hasting (5)
 m - a wand of disintegration (7)
 O - a wand of disintegration (7)
Scrolls
 h - 21 scrolls of identify
 j - 6 scrolls of fear
 l - 16 scrolls of teleportation
 n - 18 scrolls of remove curse
 p - 10 scrolls of recharging
 s - 4 scrolls of enchant weapon
 w - 2 scrolls of holy word
 y - 4 scrolls of blinking
 A - 6 scrolls of magic mapping
 I - 2 scrolls of silence
 J - 5 scrolls of fog
 R - a scroll of enchant armour
Potions
 o - 2 potions of resistance
 q - 9 potions of restore abilities
 v - 7 potions of curing
 B - 4 potions of might
 E - 8 potions of berserk rage
 G - 6 potions of heal wounds
 N - 2 potions of cure mutation
 Q - 2 potions of cancellation
 S - 2 potions of magic
 X - a potion of agility
 Y - a potion of beneficial mutation
Books
 b - a book of the Warp

   Spells                             Type                      Level
   a - Recall                         Summoning/Translocation      3
   b - Control Teleport               Charms/Translocation         4
   c - Force Lance                    Conjuration/Translocation    4
   d - Phase Shift                    Translocation                5
   e - Warp Weapon                    Charms/Translocation         5
   f - Gell's Gravitas                Hexes/Translocation          5
   g - Summon Forest                  Summoning/Translocation      5
Comestibles
 d - 26 bread rations
 f - 10 meat rations
 V - 69 fruits


   Skills:
 * Level 18.7 Fighting
 + Level 15.1 Axes
 + Level 11.4 Armour
 + Level 10.1 Dodging
 - Level 3.0 Stealth
 + Level 16.8 Shields
 * Level 15.7 Invocations
 * Level 13.7 Evocations


You had 20 spell levels left.
You didn't know any spells.

Dungeon Overview and Level Annotations

Branches:
Dungeon (15/15)            Temple (1/1) D:7            Lair (8/8) D:8
  Swamp (5/5) Lair:5       Spider (5/5) Lair:5        Slime (0/6) Lair:6
    Orc (4/4) D:12            Elf (3/3) Orc:3        Vaults (0/5) D:14
 Depths (3/5) D:15

Altars:
Ashenzari
Cheibriados
Dithmenos
Elyvilon
Fedhas
Gozag
Kikubaaqudgha
Makhleb
Nemelex Xobeh
Okawaru
Qazlal
Ru
Sif Muna
Trog
Vehumet
Xom
Yredelemnul
Zin
The Shining One
Beogh

Shops:
D:7 (   D:12 (   Orc:2 (   Orc:3 =   Orc:4 *!*!   Elf:2 ?

Portals:
Hell: Depths:1 Depths:2
Abyss: Depths:2


Innate Abilities, Weirdness & Mutations

You are resistant to torment.
You are immune to poison.
You can fly continuously.
Your stone body is very resilient (AC +15).
Your wings are large and strong.
You resist negative energy.
You are resistant to electric shocks.
You can survive without breathing.
You are immune to petrification.
You are immune to rotting.
Scrolls take you a little longer to read.
You are somewhat resistant to further mutation.
Your muscles are strong. (Str +2)
Space occasionally distorts in your vicinity.
Your spells are a little harder to cast, but a little more powerful.


Message History

You are too injured to fight recklessly!
Unknown command.
You carve the iron troll like a ham!!! You freeze the iron troll.
You kill the iron troll!
Qazlal accepts your kill.
You slash the ice dragon!
The ice dragon is heavily wounded.
A minotaur comes into view. It is wielding a long sword of slicing.
You hit the ice dragon but do no damage.
The ice dragon is heavily wounded.
You block the ice dragon's attack. x2
The ice dragon closely misses you.
The yaktaur shoots a bolt.
The bolt hits you.
* * * LOW HITPOINT WARNING * * *
Unknown command.
Drink which item? (? for menu, Esc to quit)
You feel better. The ice dragon breathes frost at you.
The blast of cold hits you!
You die...

# ###.######
#...#(...#
#....†§§.#
#...§@(..#
##..§(D§.#
##'#§#(.#
#..c(>(.....(.
###.#....###.
#(#(.....
#'#..#.##..
.H...#..
.....# #.


You could see an ice dragon, a minotaur and a yaktaur.

Vanquished Creatures
  Saint Roka (Swamp:2)
  Nikola (Swamp:2)
  2 liches (Depths:1)
  A tentacled monstrosity (Swamp:5)
  Asterion (Orc:3)
  A deep elf blademaster (Elf:3)
  A sphinx (Depths:2)
  The ghost of ZombieSheep the Crack Shot, a mighty CeMo of Okawaru (Depths:1)
  A shadow dragon (Depths:2)
  2 thorn hunters
  Kirke (Elf:1)
  Frances (Swamp:2)
  A spectral weapon (Orc:3)
  Donald (Elf:1)
  3 fire giants
  5 emperor scorpions
  4 frost giants
  Aizul (Swamp:4)
  5 ghost moths
  8 deep elf sorcerers (Elf:3)
  6 stone giants
  6 very ugly things
  A spriggan defender (Depths:2)
  8 deep elf demonologists
  A vampire knight (Depths:1)
  3 dire elephants
  13 deep elf annihilators (Elf:3)
  3 minotaurs
  Snorg (Elf:2)
  4 deep elf death magi
  3 deep elf high priests
  An ettin (D:15)
  The ghost of axaxaxas the Grappler, a powerful TrMo (Lair:1)
  Josephine (D:13)
  A great orb of eyes (Depths:2)
  23 hydras
  Fannar (Lair:5)
  A ghost crab (Swamp:1)
  2 ice dragons (Depths:1)
  8 centaur warriors
  2 ogre magi
  3 catoblepae (Lair:8)
  10 alligators
  A rakshasa (Depths:1)
  Erica (D:10)
  2 spriggan air magi
  A caustic shrike simulacrum (Depths:2)
  12 dancing weapons
  3 deep troll earth magi (Depths:2)
  2 orc high priests
  2 deep troll shamans
  21 death yaks
  A tengu warrior (D:15)
  5 spriggans
  6 hell knights
  Nergalle (D:11)
  25 deep elf knights
  An iron troll (Depths:3)
  5 skeletal warriors (D:12)
  11 swamp dragons
  2 spriggan druids
  5 hill giants
  2 wizards
  2 unseen horrors
  16 deep elf summoners
  An orc knight (Orc:4)
  4 deep trolls
  A golden dragon skeleton (Depths:3)
  3 spectral hydras (Swamp:1)
  17 deep elf conjurers
  A wolf spider zombie (D:12)
  A necromancer (Depths:2)
  An orb spider (shapeshifter) (Depths:2)
  The ghost of kaibutsu the Skirmisher, an experienced DsSk of Ashenzari (D:6)
  31 wolf spiders
  A stone giant zombie (Depths:2)
  10 orb spiders
  2 manticores
  18 ugly things
  4 griffons
  An oklob plant (Lair:5)
  10 elephants
  5 cyclopes
  7 orc sorcerers
  8 hornets
  3 moths of wrath
  Maurice (D:10)
  4 black mambas
  2 small abominations (Elf:3)
  An octopode (shapeshifter) (Depths:1)
  Joseph (D:10)
  4 centaur zombies
  A rust devil (Elf:3)
  23 spiny frogs
  A gargoyle (D:12)
  2 sixfirhies
  3 torpor snails
  Psyche (D:8)
  2 centaur skeletons
  3 kobold demonologists (D:14)
  A yaktaur (shapeshifter) (D:15)
  16 komodo dragons
  13 deep elf priests
  2 fire drakes (Lair:7)
  2 yaktaurs
  A hellwing (Elf:1)
  25 jumping spiders
  12 trolls
  14 demonic crawlers
  3 wandering mushrooms (Lair:1)
  2 polar bears
  A sphinx simulacrum (Depths:2)
  3 two-headed ogres
  5 giant leeches
  22 blink frogs
  Prince Ribbit (D:6)
  7 baby alligators
  24 slime creatures
  8 ravens
  A wolf spider simulacrum (D:15)
  2 boulder beetles
  A raven (shapeshifter) (Elf:1)
  A trapdoor spider zombie (D:11)
  6 bog bodies
  23 trapdoor spiders
  8 basilisks
  An ettin skeleton (Depths:2)
  3 shadows
  2 vampires (D:14)
  2 water elementals (Depths:1)
  41 redbacks
  23 tarantellas
  14 hippogriffs
  20 deep elf magi
  3 wyverns
  59 yaks
  6 wraiths
  7 vampire mosquitoes
  23 deep elf fighters
  A hungry ghost (D:14)
  A neqoxec (Orc:4)
  3 hogs (Elf:1)
  24 swamp worms
  2 mottled dragons
  A spriggan simulacrum (Depths:2)
  24 wolves
  11 insubstantial wisps
  An ogre zombie (D:15)
  8 porcupines
  4 wargs
  5 ice beasts
  6 sky beasts
  39 orc warriors
  29 water moccasins
  17 ogres
  24 spiders
  11 centaurs
  15 swamp drakes
  3 black bears
  An eye of draining (D:11)
  9 boggarts
  6 wasps
  5 boring beetles
  4 phantoms
  27 giant frogs
  Duvessa (D:4)
  5 big kobolds
  9 crocodiles
  An elf simulacrum (Depths:2)
  Blork the orc (D:6)
  A wyvern zombie (D:15)
  4 killer bees (D:11)
  13 scorpions
  A water moccasin skeleton (D:11)
  10 electric eels
  2 vampire bats (Lair:3)
  A goliath beetle (D:11)
  Dowan (D:4)
  4 giant frog zombies
  8 crimson imps
  2 quasits
  16 hounds
  9 jellies
  47 orc priests
  10 iguanas
  A basilisk zombie (D:12)
  4 giant frog skeletons
  50 orc wizards
  Natasha (thrice) (D:5)
  14 hell rats
  12 worker ants
  17 sheep
  2 spectral orcs (D:11)
  A hound zombie (D:10)
  A hound skeleton (D:9)
  A mummy (D:9)
  41 adders
  48 river rats
  A scorpion zombie (D:12)
  A worker ant zombie (D:9)
  4 gnolls (D:2)
  4 shadow imps
  A giant mite (D:7)
  3 worms
  An adder zombie (D:9)
  An ooze (D:1)
  231 orcs
  8 giant cockroaches
  17 hobgoblins
  5 jackals (D:8)
  26 kobolds
  15 quokkas
  17 bats
  5 giant geckos
  7 giant newts
  2 giant spores
  16 goblins
  A kobold zombie (D:12)
  16 rats
  25 ballistomycetes
  2 butterflies
  5 crawling corpses (Elf:3)
  72 fungi
  44 plants
2011 creatures vanquished.

Vanquished Creatures (others)
  A deep elf master archer (Elf:3)
  A stone giant (Depths:2)
  A deep elf annihilator (Elf:3)
  A deep elf high priest (Elf:3)
  An alligator (Swamp:1)
  A dancing weapon (Elf:2)
  A necromancer (Depths:2)
  2 yaktaurs
  A deep elf mage (Elf:3)
  A human (Elf:1)
  2 centaurs
  2 lost souls
  A giant frog (Swamp:4)
  An electric eel (Spider:3)
  An orc priest (Orc:4)
  An orc (Orc:2)
  2 giant spores
  A kobold (D:8)
  A fungus (Lair:8)
23 creatures vanquished.

Grand Total: 2034 creatures vanquished

Notes
Turn   | Place    | Note
--------------------------------------------------------------
     0 | D:1      | sugabear, the Gargoyle Fighter, began the quest for the Orb.
     0 | D:1      | Reached XP level 1. HP: 14/14 MP: 1/1
   147 | D:1      | Reached XP level 2. HP: 14/19 MP: 2/2
   587 | D:2      | Reached XP level 3. HP: 23/23 MP: 3/3
   697 | D:2      | Reached skill level 1 in Dodging
   697 | D:2      | Reached XP level 4. HP: 15/29 MP: 4/4
   700 | D:2      | Reached skill level 4 in Shields
  1628 | D:3      | Reached XP level 5. HP: 30/33 MP: 5/5
  1694 | D:3      | Found a glowing silver altar of Zin.
  1694 | D:3      | Noticed an angel
  2120 | D:3      | Found a deep blue altar of Sif Muna.
  2458 | D:4      | Noticed Dowan
  2459 | D:4      | Noticed Duvessa
  2470 | D:4      | Killed Duvessa
  2470 | D:4      | Reached XP level 6. HP: 12/39 MP: 6/6
  2471 | D:4      | Killed Dowan
  2972 | D:4      | Noticed an orc warrior
  2978 | D:4      | Reached skill level 5 in Fighting
  2992 | D:4      | Killed an orc warrior
  2992 | D:4      | Reached XP level 7. HP: 15/44 MP: 7/7
  3159 | D:4      | Noticed an ogre
  3167 | D:4      | Killed an ogre
  3274 | D:4      | Reached skill level 5 in Shields
  3287 | D:4      | Noticed an ogre
  3302 | D:4      | Killed an ogre
  3415 | D:4      | Reached skill level 1 in Stealth
  3634 | D:4      | Reached skill level 6 in Fighting
  3634 | D:4      | Reached XP level 8. HP: 43/51 MP: 8/8
  3959 | D:4      | Reached skill level 5 in Armour
  4271 | D:5      | Entered Level 5 of the Dungeon
  4287 | D:5      | Found a shattered altar of Ashenzari.
  4331 | D:5      | Found a basalt altar of Yredelemnul.
  4331 | D:5      | Found a burning altar of Makhleb.
  4425 | D:5      | Noticed Natasha
  4432 | D:5      | Killed Natasha
  4517 | D:5      | Noticed Natasha
  4525 | D:5      | Killed Natasha
  4930 | D:5      | Noticed Natasha
  4935 | D:5      | Killed Natasha
  4996 | D:6      | Reached skill level 7 in Fighting
  5075 | D:6      | Reached XP level 9. HP: 53/57 MP: 9/9
  5080 | D:6      | Got a sparkling bronze ring
  5120 | D:6      | Noticed kaibutsu's ghost (experienced DsSk)
  5179 | D:6      | Killed kaibutsu's ghost
  5179 | D:6      | Reached skill level 5 in Axes
  5296 | D:6      | Identified the ring "Fayl" {rF+ MR++ Str+4 Stlth+} (You found it on level 6 of the Dungeon)
  5403 | D:6      | Noticed Prince Ribbit
  5440 | D:6      | Noticed Blork the orc
  5444 | D:6      | Killed Blork the orc
  5473 | D:6      | Killed Prince Ribbit
  5473 | D:6      | Reached skill level 8 in Fighting
  5852 | D:7      | Found a bloodstained altar of Trog.
  5909 | D:7      | Found a staircase to the Ecumenical Temple.
  5918 | Temple   | Entered the Ecumenical Temple
  5955 | Temple   | Became a worshipper of Qazlal Stormbringer
  6222 | D:7      | Found Boumeuse's Antique Weapon Shop.
  6290 | D:7      | Reached skill level 1 in Invocations
  6684 | D:7      | Reached XP level 10. HP: 65/65 MP: 12/12
  7034 | D:8      | Reached skill level 9 in Fighting
  7037 | D:8      | Acquired Qazlal's first power
  7470 | D:8      | Found a staircase to the Lair.
  7598 | D:8      | Noticed Psyche
  7618 | D:8      | Killed Psyche
  7618 | D:8      | Reached skill level 5 in Dodging
  8323 | D:8      | Found a sacrificial altar of Ru.
  8328 | D:8      | Acquired Qazlal's second power
  8875 | D:9      | Reached XP level 11. HP: 72/72 MP: 18/18
  8942 | D:9      | Reached skill level 10 in Fighting
  9236 | D:9      | Reached skill level 5 in Invocations
  9452 | D:10     | Entered Level 10 of the Dungeon
  9642 | D:10     | Noticed Maurice
  9644 | D:10     | Noticed Erica
  9645 | D:10     | Killed Maurice
  9645 | D:10     | Reached skill level 1 in Evocations
  9654 | D:10     | Killed Erica
  9860 | D:10     | Acquired Qazlal's third power
  9867 | D:10     | Noticed Joseph
  9879 | D:10     | Killed Joseph
 10339 | D:11     | Killed an unseen horror
 10607 | D:11     | Noticed Nergalle
 10634 | D:11     | Killed Nergalle
 10753 | D:11     | Acquired Qazlal's fourth power
 10759 | D:11     | Reached XP level 12. HP: 69/79 MP: 4/22
 11087 | D:12     | Reached skill level 11 in Fighting
 11169 | D:12     | Found a shadowy altar of Dithmenos.
 11240 | D:12     | Found an iron altar of Okawaru.
 11395 | D:12     | Found a staircase to the Orcish Mines.
 11474 | D:12     | Found Thusiwk's Antique Weapon Shoppe.
 11515 | D:12     | Acquired Qazlal's fifth power
 11813 | Orc:1    | Entered Level 1 of the Orcish Mines
 11844 | Orc:1    | Found a roughly hewn altar of Beogh.
 12537 | Orc:1    | Found a roughly hewn altar of Beogh.
 12657 | Orc:2    | Reached skill level 5 in Evocations
 13187 | Orc:3    | Found a staircase to the Elven Halls.
 13343 | Orc:2    | Found a burning altar of Makhleb.
 13388 | Orc:2    | Found Woniczor's Antique Weapon Boutique.
 13539 | Orc:3    | Found Rackaez's Jewellery Shoppe.
 13548 | Orc:3    | Reached skill level 10 in Shields
 13878 | Orc:3    | Reached XP level 13. HP: 84/84 MP: 24/24
 14143 | Orc:4    | Entered Level 4 of the Orcish Mines
 15560 | Orc:4    | Found Extiq's Distillery.
 15560 | Orc:4    | Found Ygyuc's Assorted Antiques.
 15561 | Orc:4    | Found Plog's General Store.
 15564 | Orc:4    | Found Noucvyra's Distillery.
 15577 | Orc:4    | Bought a potion of restore abilities for 80 gold pieces
 15577 | Orc:4    | Bought a potion of poison for 16 gold pieces
 15577 | Orc:4    | Bought a potion of curing for 48 gold pieces
 15577 | Orc:4    | Bought a potion of agility for 64 gold pieces
 15577 | Orc:4    | Bought a potion of cure mutation for 560 gold pieces
 15579 | Orc:4    | Bought a potion of curing for 48 gold pieces
 15579 | Orc:4    | Bought a potion of mutation for 40 gold pieces
 15579 | Orc:4    | Bought a potion of curing for 48 gold pieces
 15579 | Orc:4    | Bought a potion of curing for 48 gold pieces
 15579 | Orc:4    | Bought a potion of heal wounds for 80 gold pieces
 15579 | Orc:4    | Bought 2 potions of curing for 96 gold pieces
 15579 | Orc:4    | Bought 2 potions of berserk rage for 160 gold pieces
 15579 | Orc:4    | Bought a potion of ambrosia for 128 gold pieces
 15581 | Orc:4    | Bought a potion of restore abilities for 80 gold pieces
 15581 | Orc:4    | Bought a potion of curing for 48 gold pieces
 15581 | Orc:4    | Bought a potion of might for 64 gold pieces
 15725 | Orc:4    | Reached skill level 12 in Fighting
 15984 | Lair:1   | Entered Level 1 of the Lair of Beasts
 16156 | Lair:1   | Noticed axaxaxas' ghost (powerful TrMo)
 16164 | Lair:1   | Killed axaxaxas' ghost
 16870 | Lair:2   | Found a labyrinth entrance.
 16880 | Lab      | Entered a labyrinth
 17102 | Lab      | Noticed a minotaur
 17109 | Lab      | Killed a minotaur
 17572 | Orc:4    | Bought a scroll of magic mapping for 42 gold pieces
 18009 | Lair:2   | Gained mutation: Your wings are large and strong. [gargoyle growth]
 18009 | Lair:2   | Reached XP level 14. HP: 74/92 MP: 27/27
 19951 | Lair:4   | Found an opulent altar of Gozag.
 20525 | Lair:4   | Reached skill level 10 in Axes
 20638 | Lair:5   | Noticed Fannar
 20653 | Lair:5   | Killed Fannar
 20858 | Lair:5   | Found an iron altar of Okawaru.
 21039 | Lair:5   | Found a staircase to the Swamp.
 21127 | Lair:5   | Found a hole to the Spider Nest.
 21394 | Lair:6   | Found a staircase to the Slime Pits.
 21408 | Lair:6   | Reached skill level 13 in Fighting
 22199 | Lair:7   | Reached skill level 10 in Invocations
 22328 | Lair:7   | Reached XP level 15. HP: 55/99 MP: 28/28
 23339 | Lair:8   | Entered Level 8 of the Lair of Beasts
 23628 | Lair:8   | Reached skill level 14 in Fighting
 23752 | Lair:8   | Got a smoking robe
 23763 | Lair:8   | Identified the cursed -2 robe "Useu" {rElec rC- MR- MP-9 Str+4} (You found it on level 8 of the Lair of Beasts)
 24098 | Lair:8   | Identified a scroll of acquirement
 25432 | D:13     | Noticed Josephine
 25437 | D:13     | Killed Josephine
 25437 | D:13     | Reached skill level 10 in Armour
 25437 | D:13     | Reached XP level 16. HP: 105/107 MP: 30/30
 25651 | D:13     | Got a shimmering amethyst amulet
 25654 | D:13     | Identified the amulet "Ryis Agg" {Gourm rElec rF- rC+ Int+5 Stlth-} (You found it on level 13 of the Dungeon)
 25901 | D:14     | Found a gate to the Vaults.
 26308 | D:15     | Entered Level 15 of the Dungeon
 26360 | D:15     | Reached skill level 15 in Fighting
 26443 | D:15     | Found a staircase to the Depths.
 26641 | D:15     | Found a blossoming altar of Fedhas.
 27216 | Elf:1    | Entered Level 1 of the Elven Halls
 27216 | Elf:1    | Noticed Asterion
 27224 | Orc:3    | Noticed a spectral weapon
 27232 | Orc:3    | Killed a spectral weapon
 27233 | Orc:3    | Killed Asterion
 27463 | Elf:1    | Noticed Donald
 27472 | Elf:1    | Killed Donald
 27836 | Elf:1    | Reached skill level 10 in Evocations
 28048 | Elf:1    | Noticed Kirke
 28064 | Elf:1    | Killed Kirke
 28238 | Elf:2    | Found Pnirofom's Magic Scroll Emporium.
 28278 | Elf:2    | Bought 2 scrolls of identify for 56 gold pieces
 28278 | Elf:2    | Bought a scroll of vulnerability for 105 gold pieces
 28278 | Elf:2    | Bought a scroll of remove curse for 42 gold pieces
 28278 | Elf:2    | Bought a scroll of identify for 28 gold pieces
 28278 | Elf:2    | Bought a scroll of identify for 28 gold pieces
 28278 | Elf:2    | Bought a scroll of remove curse for 42 gold pieces
 28278 | Elf:2    | Bought a scroll of recharging for 133 gold pieces
 28300 | Elf:2    | Reached XP level 17. HP: 109/113 MP: 30/31
 28314 | Elf:2    | Noticed Snorg
 28322 | Elf:2    | Killed Snorg
 28684 | Elf:2    | Found a huge runed gate.
 28685 | Elf:2    | Found a huge runed gate.
 28688 | Elf:2    | Found a huge runed gate.
 29274 | Elf:3    | Entered Level 3 of the Elven Halls
 29279 | Elf:3    | Reached skill level 16 in Fighting
 29485 | Elf:3    | Found a deep blue altar of Sif Muna.
 29585 | Elf:3    | Noticed a Shadow Fiend
 29591 | Elf:3    | Noticed a deep elf master archer
 29596 | Elf:3    | Noticed a deep elf blademaster
 29596 | Elf:3    | Killed a deep elf master archer
 29617 | Elf:3    | Killed a deep elf blademaster
 29620 | Elf:3    | Reached XP level 18. HP: 76/120 MP: 6/32
 29642 | Elf:3    | Found a gateway to a bazaar.
 29650 | Bazaar   | Entered a bazaar
 29650 | Bazaar   | Found Kayrgh's Assorted Antiques.
 29650 | Bazaar   | Found Mno Roewn's General Store.
 29650 | Bazaar   | Found Uzau's Magic Scroll Shop.
 29654 | Bazaar   | Found Klaedamp's Magic Scroll Shoppe.
 29654 | Bazaar   | Found Jayj Eta's Book Shoppe.
 29717 | Bazaar   | Bought a scroll of identify for 32 gold pieces
 29717 | Bazaar   | Bought a scroll of identify for 32 gold pieces
 29717 | Bazaar   | Bought a scroll of identify for 32 gold pieces
 29717 | Bazaar   | Bought a scroll of magic mapping for 56 gold pieces
 29717 | Bazaar   | Bought a scroll of identify for 32 gold pieces
 29717 | Bazaar   | Bought a scroll of identify for 32 gold pieces
 29717 | Bazaar   | Bought a scroll of identify for 32 gold pieces
 29717 | Bazaar   | Bought a scroll of magic mapping for 56 gold pieces
 29717 | Bazaar   | Bought a scroll of enchant armour for 120 gold pieces
 29723 | Bazaar   | Bought a scroll of magic mapping for 42 gold pieces
 29723 | Bazaar   | Bought a scroll of remove curse for 36 gold pieces
 29723 | Bazaar   | Bought an uncursed ring of see invisible for 180 gold pieces
 29728 | Bazaar   | Bought a scroll of recharging for 275 gold pieces
 29728 | Bazaar   | Bought a scroll of identify for 58 gold pieces
 29728 | Bazaar   | Bought a scroll of remove curse for 87 gold pieces
 29734 | Bazaar   | Bought a scroll of identify for 28 gold pieces
 29734 | Bazaar   | Bought a scroll of identify for 28 gold pieces
 29734 | Bazaar   | Bought a scroll of remove curse for 42 gold pieces
 29734 | Bazaar   | Bought a scroll of enchant weapon for 105 gold pieces
 29734 | Bazaar   | Bought a scroll of identify for 28 gold pieces
 30485 | Elf:3    | Got a polished war axe
 30487 | Elf:3    | Identified the +5 war axe of the Goat {antimagic, +Inv rElec} (You found it on level 3 of the Elven Halls)
 31862 | Swamp:1  | Entered Level 1 of the Swamp
 32256 | Swamp:1  | Identified a cursed +7 rod of clouds (14/14) (You took it off a deep elf fighter on level 3 of the Elven Halls)
 32487 | Swamp:2  | Noticed Nikola
 32497 | Swamp:2  | Killed Nikola
 32558 | Swamp:2  | Noticed Frances
 32579 | Swamp:2  | Killed Frances
 32585 | Swamp:2  | Noticed Saint Roka
 32926 | Swamp:2  | Killed Saint Roka
 33583 | Swamp:3  | Reached skill level 17 in Fighting
 33635 | Swamp:3  | Upgraded the game from 0.16.0-17-g811c1d7 to 0.16.0-18-g484a79e
 33893 | Lair:4   | Reached XP level 19. HP: 126/128 MP: 34/34
 34396 | Elf:3    | Got a scorched long sword
 34397 | Elf:3    | Identified the cursed +2 long sword of Circular Logic {antimagic, +Blink rF+ rC+ rN+ Dex-4} (You took it off a deep elf fighter on level 3 of the Elven Halls)
 34409 | Elf:3    | Got a twisted great sword
 34410 | Elf:3    | Identified the +10 great sword "Wewn" {flame, Contam *Rage Dex+4 Stlth+} (You took it off a deep elf demonologist on level 3 of the Elven Halls)
 34618 | Orc:2    | Bought a scorched long sword for 229 gold pieces
 34618 | Orc:2    | Bought a fine great sword for 310 gold pieces
 34618 | Orc:2    | Identified the +4 long sword of the Inferno {slice, Str+3} (You bought it in a shop on level 2 of the Orcish Mines)
 34619 | Orc:2    | Identified the +4 great sword of Vuinep {venom, +Fly rElec rF+ rC- Stlth+} (You bought it in a shop on level 2 of the Orcish Mines)
 35754 | Swamp:4  | Noticed Aizul
 35783 | Swamp:4  | Killed Aizul
 35802 | Swamp:4  | Reached skill level 15 in Shields
 36341 | Swamp:5  | Entered Level 5 of the Swamp
 37050 | Swamp:5  | Got a decaying rune of Zot
 37425 | Spider:1 | Entered Level 1 of the Spider Nest
 38196 | Spider:2 | Got a fine large shield
 38207 | Spider:2 | Identified the +7 large shield of Liawkiut {+Fly Int+3 Dex+3} (You found it on level 2 of the Spider Nest)
 38248 | Spider:2 | Identified Onegruz's Tome of Earthen Creation
 38652 | Spider:3 | Reached XP level 20. HP: 107/136 MP: 7/35
 40111 | Spider:5 | Entered Level 5 of the Spider Nest
 40669 | Spider:5 | Reached skill level 15 in Invocations
 40677 | Spider:5 | Reached skill level 18 in Fighting
 40912 | Spider:5 | Got a gossamer rune of Zot
 42851 | Depths:1 | Entered Level 1 of the Depths
 43399 | Depths:1 | Reached skill level 10 in Dodging
 43680 | Depths:1 | Found a burning altar of Makhleb.
 43723 | Depths:1 | Found a gateway to Hell.
 43840 | Depths:1 | Noticed ZombieSheep's ghost (mighty CeMo)
 43863 | Depths:1 | Killed ZombieSheep's ghost
 44441 | Depths:2 | Gained mutation: Your body is slowly deteriorating. [mutagenic meat]
 44442 | Depths:2 | Gained mutation: Space occasionally distorts in your vicinity. [mutagenic meat]
 44443 | Depths:2 | Lost mutation: Your body is slowly deteriorating. [mutagenic meat]
 44444 | Depths:2 | Gained mutation: You are weak. (Str -2) [mutagenic meat]
 44456 | Depths:2 | Reached XP level 21. HP: 107/141 MP: 36/36
 44523 | Depths:2 | Gained mutation: You have a somewhat thin skeletal structure (Dex +2, Stealth). [mutagenic meat]
 44524 | Depths:2 | Gained mutation: You have a pair of small horns on your head. [mutagenic meat]
 44553 | Depths:2 | Gained mutation: You are very weak. (Str -4) [mutagenic meat]
 44721 | Depths:2 | Gained mutation: You are somewhat resistant to further mutation. [mutagenic meat]
 44750 | Depths:2 | Reached skill level 15 in Axes
 45103 | Depths:2 | Found a one-way gate to the infinite horrors of the Abyss.
 45431 | Depths:2 | Identified a +2 rod of clouds (10/10) (You found it on level 2 of the Depths)
 45435 | Depths:2 | Lost mutation: You have a pair of small horns on your head. [potion of cure mutation]
 45435 | Depths:2 | Lost mutation: You are very weak. (Str -4) [potion of cure mutation]
 45435 | Depths:2 | Lost mutation: You have a somewhat thin skeletal structure (Dex +2, Stealth). [potion of cure mutation]
 45435 | Depths:2 | Lost mutation: You are weak. (Str -2) [potion of cure mutation]
 45435 | Depths:2 | Lost mutation: You are somewhat resistant to further mutation. [potion of cure mutation]
 46158 | Swamp:2  | Gained mutation: Your muscles are strong. (Str +2) [potion of mutation]
 46158 | Swamp:2  | Gained mutation: Scrolls take you a little longer to read. [potion of mutation]
 46158 | Swamp:2  | Gained mutation: Your magical capacity is low (-10% MP). [potion of mutation]
 46638 | Orc:4    | Bought a potion of mutation for 55 gold pieces
 46638 | Orc:4    | Gained mutation: You are somewhat resistant to further mutation. [potion of mutation]
 46638 | Orc:4    | Lost mutation: Your magical capacity is low (-10% MP). [potion of mutation]
 46639 | Orc:4    | Gained mutation: Your spells are a little harder to cast, but a little more powerful. [potion of mutation]
 47152 | Depths:3 | Killed from afar by an ice dragon

Action                   |  1- 3 |  4- 6 |  7- 9 | 10-12 | 13-15 | 16-18 | 19-21 || total
-------------------------+-------+-------+-------+-------+-------+-------+-------++-------
Melee: War axe           |    78 |   174 |   301 |   776 |   946 |   763 |  1244 ||  4282
       Hand axe          |       |       |       |       |    78 |    62 |   102 ||   242
Invok: Upheaval          |       |       |       |       |     6 |    32 |     1 ||    39
 Abil: Fly               |       |       |       |       |     1 |       |       ||     1
Evoke: Wand              |       |       |       |       |       |     1 |       ||     1
  Use: Potion            |       |     1 |       |       |     3 |     8 |    11 ||    23
       Scroll            |       |       |     7 |     2 |    21 |    22 |     8 ||    60
 Stab: Confused          |       |       |       |       |       |     2 |     1 ||     3
  Eat: Chunk             |       |     7 |    12 |    22 |    27 |     9 |    30 ||   107
       Pizza             |       |       |       |     2 |     2 |       |       ||     4
       Beef jerky        |       |       |       |       |     2 |     6 |     2 ||    10
       Meat ration       |       |       |       |       |     1 |     1 |     3 ||     5
       Royal jelly       |       |       |       |       |       |     2 |     1 ||     3
       Fruit             |       |       |       |       |       |       |     3 ||     3
